 Dungeon Crawl Stone Soup version 0.30.1-11-g7821555f0a (webtiles) character file.

Game seed: 18183460262153732076

3692 Tali the Cleaver (level 9, -4/81 HPs)
             Began as a Demonspawn Chaos Knight on Nov 7, 2023.
             Was a Plaything of Xom.
             Slain by Gastronok the deep troll (glowing shapeshifter) (11 damage)
             ... on level 8 of the Dungeon.
             The game lasted 00:10:54 (8198 turns).

Tali the Cleaver (Demonspawn Chaos Knight)          Turns: 8198, Time: 00:10:54

Health: -4/81      AC:  6    Str: 19      XL:     9   Next: 90%
Magic:  9/9        EV: 14    Int: 14      God:    Xom [*.....]
Gold:   410        SH:  0    Dex: 15 (16) Spells: 8/8 levels left

rFire   . . .        p - +5 woodcutter's axe
rCold   . . .        (shield currently unavailable)
rNeg    . . .        J - +1 robe {Will+}
rPois   .            (helmet restricted)
rElec   .            t - scarf {repulsion}
rCorr   .            x - +2 pair of gloves
SInv    .            (boots unavailable)
Will    +....        (no amulet)
Stlth   +++          A - +6 ring of dexterity
HPRegen 0.33/turn    z - +6 ring of strength
MPRegen 0.11/turn

%: repel missiles
@: no status effects
A: hooves 3, demonic guardian 2, horns 2, clumsy 1, deterioration 1, robust 1,
weak 2, no potion heal 1
a: Renounce Religion


You were on level 8 of the Dungeon.
You worshipped Xom.
You were a special plaything of Xom.
You visited 1 branch of the dungeon, and saw 8 of its levels.

You collected 410 gold pieces.

Inventory:

Hand Weapons
 a - a +0 hand axe of chaos
 p - the +5 woodcutter's axe (weapon)
   (You found it on level 2 of the Dungeon)
 O - a +3 war axe of freezing
Missiles
 g - 14 boomerangs
 l - 17 poisoned darts
Armour
 t - a scarf of repulsion (worn)
 x - a +2 pair of gloves (worn)
 J - a +1 robe of willpower (worn)
 L - +0 steam dragon scales
Magical Staves
 o - a staff of air
 B - a staff of death
Jewellery
 m - a +6 ring of intelligence
 z - a +6 ring of strength (right hand)
 A - a +6 ring of dexterity (left hand)
Wands
 w - a wand of quicksilver (34)
 y - a wand of flame (33)
 F - a wand of charming (12)
 K - a wand of polymorph (11)
Scrolls
 b - 3 scrolls of blinking {unknown}
 d - a scroll of noise
 e - 4 scrolls of fog
 f - 4 scrolls of amnesia {unknown}
 r - 2 scrolls of poison {unknown}
 v - 3 scrolls of teleportation {unknown}
 C - 4 scrolls of enchant armour {unknown}
 D - 4 scrolls of fear
 G - a scroll of vulnerability
 P - a scroll of immolation {unknown}
 Q - a scroll of identify
 R - a scroll of magic mapping {unknown}
Potions
 h - 2 potions of haste {unknown}
 i - a potion of flight
 j - 3 potions of attraction
 k - 2 potions of invisibility
 n - a potion of resistance {unknown}
 q - 2 potions of brilliance {unknown}
 s - a potion of degeneration {unknown}
 u - 3 potions of heal wounds
 E - a potion of cancellation
 H - 2 potions of might {unknown}
 I - 3 potions of curing
 M - 2 potions of lignification
 N - a potion of ambrosia {unknown}
Miscellaneous
 c - a piece from Xom's chessboard (15/15) (quivered)


   Skills:
 * Level 8.2 Fighting
 * Level 8.3 Axes
 + Level 0.2 Throwing
 + Level 4.5 Armour
 + Level 4.4 Dodging
 + Level 4.2 Stealth
 + Level 2.1 Evocations


You had 8 spell levels left.
You didn't know any spells.
Your spell library contained the following spells:

 Spells                   Type           Power      Damage    Failure   Level
 Kiss of Death            Conj/Necr      0%         2d5       28%         1
 Confusing Touch          Hex            0%         N/A       65%         3
 Dazzling Flash           Conj/Hex       0%         N/A       65%         3
 Dispel Undead            Necr           0%         3d6       96%         4
 Agony                    Necr           0%         N/A       100%        5
 Silence                  Hex/Air        0%         N/A       100%        5


Dungeon Overview and Level Annotations

Branches:
Dungeon (8/15)             Temple (0/1) D:5
   Lair: D:8-11

Altars:
Cheibriados
Kikubaaqudgha
Makhleb
Nemelex Xobeh

Annotations:
D:8 Gastronok


Innate Abilities, Weirdness & Mutations

You have hooves in place of feet.
A demonic guardian rushes to your aid.
You have a pair of horns on your head.
You are clumsy. (Dex -2)
Your body sometimes deteriorates upon taking damage.
You are robust. (+10% HP)
You are very weak. (Str -4)
Potions are less effective at restoring your health.


Message History

Gastronok the Ponderous comes into view.
Found a runed zirconium amulet.
Gastronok gurgles horribly!
You hit Gastronok. You kick Gastronok. You headbutt Gastronok.
Gastronok is lightly wounded.
You feel yourself slow down.
You slash Gastronok!
Gastronok is lightly wounded.
Gastronok waves his eye-stalks in wide circles.
The air twists around and strikes you!!
You slash Gastronok!
Gastronok is lightly wounded.
Xom's power touches on a nearby monster.
Gastronok changes into a glowing shapeshifter!
Gastronok the glowing shapeshifter changes into a snapping turtle!
You barely miss Gastronok. Your kick misses Gastronok.
Gastronok the snapping turtle changes into a merfolk!
You barely miss Gastronok. Your headbutt misses Gastronok.
Gastronok barely misses you.
You slice Gastronok!! Your kick misses Gastronok.
Gastronok is moderately wounded.
Gastronok the merfolk changes into a sea snake!
You hit Gastronok. Your kick misses Gastronok. You headbutt Gastronok.
Gastronok is lightly wounded.
Gastronok the sea snake changes into a deep troll!
You completely miss Gastronok. Your kick misses Gastronok.
You headbutt Gastronok.
Gastronok is lightly wounded.
Gastronok bites you!!
Your body deteriorates!
You feel clumsy.
A shower of butterflies erupts from you!
Gastronok claws you. Gastronok claws you!
* * * LOW HITPOINT WARNING * * *
As you read the scroll of fear, it crumbles to dust.
You assume a fearsome visage.
Gastronok easily resists.
Gastronok misses you. Gastronok claws you!
* * * LOW HITPOINT WARNING * * *
A demonic guardian appears!
Gastronok claws you!
You die...
Xom chortles!

............ ..
...... ..........##
...#..#.
....)....... ..#..."
.....##.###. ."...##
##.. #..# #. ##....#
#.. #.## ##
#####.....# #.# ##.#
......b...# #.# #..#
......[T@.##
#.###.##
.......##.b###.#...#
....... #.4....#.###
....... #.#......#
######. #.#))#####
#. #..)..## #.
##.....## #.
#.......#
#.(.).......


You could see Gastronok the deep troll shaped shifter (ally target) and a
friendly rust devil (summoned).

Vanquished Creatures
  A cyclops (D:8)
  Sigmund (D:3)
  A steam dragon (D:7)
  Edmund (D:6)
  A water moccasin (D:6)
  A floating eye (shapeshifter) (D:5)
  A swamp drake (D:6)
  An ice beast (D:7)
  2 sky beasts (D:8)
  2 black bears
  An ogre (D:6)
  A phantom (D:5)
  4 centaurs
  A kobold brigand (D:3)
  A bullfrog (D:8)
  A scorpion (D:6)
  4 wights (D:7)
  2 howler monkeys
  6 hounds
  A jelly (D:6)
  4 orc priests
  Crazy Yiuf (D:5)
  A gnoll bouda (D:5)
  5 iguanas
  A sleepcap (D:6)
  5 orc wizards
  Natasha (thrice) (D:3)
  8 gnolls
  10 adders
  A shadow imp (D:8)
  2 ufetubi (D:4)
  A worm (D:2)
  A dart slug (D:4)
  14 orcs
  2 ball pythons
  4 bats
  4 endoplasms
  6 giant cockroaches
  6 goblins
  5 hobgoblins
  8 jackals
  5 quokkas
  A frilled lizard (D:1)
  9 kobolds
  7 rats
  A spectral hobgoblin (D:1)
149 creatures vanquished.

Vanquished Creatures (collateral kills)
  The ghost of Ancymon the Trooper, an amateur HOFi (D:3)
  A gnoll sergeant (D:2)
  A gnoll (D:2)
  A ball python (D:3)
  A bat (D:3)
  An endoplasm (D:3)
  A hobgoblin (D:3)
  A kobold (D:3)
  A rat (D:3)
9 creatures vanquished.

Grand Total: 158 creatures vanquished

Notes
Turn   | Place    | Note
-------+----------+-------------------------------------------
     0 | D:1      | Tali the Demonspawn Chaos Knight began the quest for the
                  | Orb.
     0 | D:1      | Reached XP level 1. HP: 18/18 MP: 1/1
   174 | D:1      | XOM: silly message
   222 | D:1      | Gained mutation: You have large cloven feet. [demonic
                  | ancestry]
   222 | D:1      | Reached XP level 2. HP: 24/24 MP: 2/2
   391 | D:1      | Found a faded altar of an unknown god.
   721 | D:1      | Gained mutation: You have hoof-like feet. [demonic
                  | ancestry]
   721 | D:1      | Reached XP level 3. HP: 25/29 MP: 3/3
   781 | D:1      | XOM: silly message
   820 | D:2      | Reached skill level 1 in Dodging
  1367 | D:2      | XOM: silly message
  1376 | D:2      | Gained mutation: A weak demonic guardian rushes to your
                  | aid. [demonic ancestry]
  1376 | D:2      | Reached XP level 4. HP: 37/37 MP: 4/4
  1413 | D:2      | XOM: noise
  1458 | D:2      | XOM: 3-stop teleportation journey
  1576 | D:2      | Noticed a gnoll sergeant
  1577 | D:2      | XOM: confuse monster(s)
  1601 | D:2      | Killed a gnoll sergeant
  1602 | D:2      | Reached skill level 1 in Stealth
  1602 | D:2      | Reached XP level 5. HP: 12/42 MP: 5/5
  1713 | D:2      | Found the +5 woodcutter's axe
  1911 | D:3      | XOM: noise
  1912 | D:3      | Noticed Natasha
  1917 | D:3      | Killed Natasha
  1933 | D:3      | Noticed a black bear
  1940 | D:3      | Killed a black bear
  1941 | D:3      | Reached XP level 6. HP: 31/48 MP: 6/6
  2001 | D:3      | Noticed Sigmund
  2010 | D:3      | Killed Sigmund
  2011 | D:3      | Reached skill level 5 in Axes
  2048 | D:3      | Noticed Natasha
  2057 | D:3      | Killed Natasha
  2123 | D:3      | Found a runed translucent gate.
  2123 | D:3      | Found a runed translucent gate.
  2123 | D:3      | Found a runed translucent gate.
  2125 | D:3      | Noticed Ancymon's ghost (amateur HOFi)
  2383 | D:3      | Gained mutation: A demonic guardian rushes to your aid.
                  | [demonic ancestry]
  2383 | D:3      | Reached XP level 7. HP: 55/55 MP: 7/7
  2389 | D:3      | Noticed Natasha
  2395 | D:3      | Killed Natasha
  2416 | D:3      | XOM: silly message
  2790 | D:3      | XOM: smoke on damage
  2804 | D:3      | Killed Ancymon's ghost
  3047 | D:4      | XOM: polymorph ice beast -> centaur
  3068 | D:4      | XOM: 3-stop teleportation journey
  3396 | D:4      | XOM: blink monster(s)
  3409 | D:4      | Reached skill level 5 in Fighting
  3440 | D:4      | XOM: enchant monster (bad)
  3656 | D:4      | Found a burning altar of Makhleb.
  3656 | D:4      | Found a snail-covered altar of Cheibriados.
  3960 | D:5      | Entered Level 5 of the Dungeon
  3986 | D:5      | Found a staircase to the Ecumenical Temple.
  4027 | D:5      | Reached XP level 8. HP: 62/62 MP: 8/8
  4288 | D:5      | Found an ancient bone altar of Kikubaaqudgha.
  4410 | D:5      | Found a runed translucent door.
  4411 | D:5      | Noticed Crazy Yiuf
  4418 | D:5      | Killed Crazy Yiuf
  4455 | D:5      | a black bear changed into a shapeshifter
  4455 | D:5      | Noticed a shapeshifter (shapeshifter)
  4455 | D:5      | XOM: polymorph black bear -> shapeshifter
  4455 | D:5      | a shapeshifter changed into a floating eye
  4781 | D:5      | Found a sparkling altar of Nemelex Xobeh.
  4833 | D:5      | XOM: noise
  5022 | D:6      | XOM: summons friendly white imp
  5282 | D:6      | XOM: 2-stop teleportation journey
  5353 | D:6      | XOM: 2-stop teleportation journey
  5363 | D:6      | Noticed Maggie
  5380 | D:5      | XOM: enchant monster (bad)
  5519 | D:5      | XOM: give mutation
  5519 | D:5      | Gained mutation: You have hooves in place of feet. [Xom's
                  | mischief]
  5693 | D:6      | XOM: divination: detect creatures
  5826 | D:5      | XOM: noise
  6048 | D:6      | Maggie changed into Maggie the swamp drake
  6048 | D:6      | Noticed Maggie
  6048 | D:6      | XOM: polymorph Maggie -> Maggie the swamp drake
  6050 | D:6      | Killed Maggie the swamp drake
  6103 | D:6      | XOM: give mutations
  6103 | D:6      | Gained mutation: You are dopey. (Int -2) [Xom's mischief]
  6103 | D:6      | Gained mutation: You passively dampen the noise of your
                  | surroundings. [Xom's mischief]
  6103 | D:6      | Gained mutation: Armour fits poorly on your strangely
                  | shaped body. [Xom's mischief]
  6103 | D:6      | Gained mutation: You are weak. (Str -2) [Xom's mischief]
  6128 | D:6      | XOM: 3-stop teleportation journey
  6201 | D:6      | XOM: silly message
  6213 | D:6      | XOM: stat loss: -1 Int (11/12)
  6288 | D:6      | Noticed Edmund
  6302 | D:6      | Killed Edmund
  6303 | D:6      | Mutation became permanent: You have hoof-like feet.
                  | [demonic ancestry]
  6303 | D:6      | Gained mutation: You have hooves in place of feet. [demonic
                  | ancestry]
  6303 | D:6      | Reached XP level 9. HP: 48/71 MP: 0/9
  6380 | D:6      | Lost mutation: You are dopey. (Int -2) [potion of mutation]
  6380 | D:6      | Lost mutation: Armour fits poorly on your strangely shaped
                  | body. [potion of mutation]
  6380 | D:6      | Gained mutation: Your movements are slightly less
                  | encumbered by armour. (ER -2) [potion of mutation]
  6380 | D:6      | Gained mutation: You have a pair of small horns on your
                  | head. [potion of mutation]
  6381 | D:6      | Lost mutation: You passively dampen the noise of your
                  | surroundings. [potion of mutation]
  6381 | D:6      | Lost mutation: Your movements are slightly less encumbered
                  | by armour. (ER -2) [potion of mutation]
  6381 | D:6      | Gained mutation: You are robust. (+10% HP) [potion of
                  | mutation]
  6381 | D:6      | Gained mutation: You have hidden genetic defects. [potion
                  | of mutation]
  6381 | D:6      | Gained mutation: You have a pair of horns on your head.
                  | [potion of mutation]
  6527 | D:6      | XOM: divination: magic mapping
  6715 | D:7      | Reached skill level 1 in Evocations
  6861 | D:7      | Gained mutation: You are very weak. (Str -4) [hidden
                  | defects]
  7855 | D:8      | Gained mutation: Potions are less effective at restoring
                  | your health. [hidden defects]
  7855 | D:8      | Lost mutation: You have hidden genetic defects. [hidden
                  | defects expressed]
  8127 | D:8      | Noticed a cyclops
  8134 | D:8      | XOM: potion effect (haste)
  8136 | D:8      | XOM: give mutations
  8136 | D:8      | Gained mutation: You are clumsy. (Dex -2) [Xom's mischief]
  8136 | D:8      | Gained mutation: Your body sometimes deteriorates upon
                  | taking damage. [Xom's mischief]
  8138 | D:8      | Killed a cyclops
  8186 | D:8      | Noticed Gastronok
  8191 | D:8      | Gastronok changed into Gastronok the glowing shapeshifter
  8191 | D:8      | Noticed Gastronok (glowing shapeshifter)
  8191 | D:8      | XOM: polymorph Gastronok -> Gastronok the glowing
                  | shapeshifter
  8191 | D:8      | Gastronok the glowing shapeshifter changed into Gastronok
                  | the snapping turtle
  8192 | D:8      | Gastronok the snapping turtle changed into Gastronok the
                  | merfolk
  8192 | D:8      | Noticed Gastronok (glowing shapeshifter)
  8194 | D:8      | Gastronok the merfolk changed into Gastronok the sea snake
  8194 | D:8      | Noticed Gastronok (glowing shapeshifter)
  8195 | D:8      | Gastronok the sea snake changed into Gastronok the deep
                  | troll
  8195 | D:8      | Noticed Gastronok (glowing shapeshifter)
  8196 | D:8      | XOM: butterfly on damage
  8198 | D:8      | Slain by Gastronok the deep troll (glowing shapeshifter)

Illustrated notes

Levels and vault maps discovered:
D:1:      psy_arrival_terrarium, layout_loops_ring,
          dreamdust_ecumenical_altar_drowned_temple, dreamdust_mushroom_princess
D:2:      layout_loops_corners, pf_guarded_unrand_woodcutter
D:3:      layout_loops_ring, gammafunk_ghost_nasty_kobolds, minmay_box_of_dots,
          uniq_sigmund, uniq_natasha
D:4:      layout_basic, minitemple, due_unseen_surprise
D:5:      layout_basic, nemelex_spade_bored_becter, kennysheep_mini,
          minmay_temple_entry_ruins, uniq_crazy_yiuf_cottage
D:6:      layout_loops_ring, kennysheep_potato, uniq_maggie, uniq_edmund
D:7:      layout_basic, dk_rats_in_the_wall
D:8:      layout_rooms, mainiacjoe_overflow_big_doors,
          overflow_temple_1_default, uniq_gastronok

Skill      XL: |  1  2  3  4  5  6  7  8  9 |
---------------+----------------------------+-----
Axes           | 3 4 5 7 8 |  8.3
Armour         | 2 3 4 |  4.5
Dodging        | 1 2 3 4 |  4.4
Fighting       | 4 5 6 8 |  8.2
Stealth        | 1 2 3 4 |  4.2
Evocations     | 2 |  2.1
Throwing       | |  0.2

Action                     |  1- 3 |  4- 6 |  7- 9 || total
---------------------------+-------+-------+-------++-------
  Melee: Hand axe          |    87 |     9 |       ||    96
         Kick              |    19 |    11 |    44 ||    74
         Punch             |     1 |       |       ||     1
         Battleaxe         |       |    29 |   224 ||   253
         Headbutt          |       |       |    17 ||    17
  Throw: Dart              |       |       |     1 ||     1
  Evoke: Wand              |       |       |     7 ||     7
    Use: Scroll            |       |       |     9 ||     9
         Potion            |       |       |     5 ||     5
   Stab: Paralysed         |     1 |       |       ||     1
         Petrifying        |     1 |       |       ||     1
         Confused          |       |     2 |       ||     2
         Sleeping          |       |     1 |     4 ||     5
         Distracted        |       |       |     1 ||     1
 Armour: Leather armour    |    31 |    13 |    67 ||   111
         Skin              |       |       |     4 ||     4
         Robe              |       |       |    20 ||    20
  Dodge: Dodged            |    47 |    29 |   144 ||   220
         Repelled          |       |       |     2 ||     2
